 Dungeon Crawl Stone Soup version 0.22-a0-448-g1fb7470005 (webtiles) character file.

2506 shea9 the Cutter (level 9, -1/75 HPs)
             Began as a Demonspawn Abyssal Knight on June 4, 2018.
             Was an Elder of Lugonu.
             Slain by Erica
             ... wielding a +3 scimitar of flaming
              (2 damage)
             ... on level 8 of the Dungeon.
             The game lasted 00:53:43 (8005 turns).

shea9 the Cutter (Demonspawn Abyssal Knight)        Turns: 8005, Time: 00:53:43

Health: -1/75      AC:  7    Str: 15 (17) XL:     9   Next: 28%
Magic:  11/11      EV: 19    Int: 13 (14) God:    Lugonu [****..]
Gold:   252        SH:  0    Dex: 18 (20) Spells: 8/8 levels left

rFire    . . .     SeeInvis .   h - +1 short sword (drain)
rCold    . . .     Gourm    .   (no shield)
rNeg     . . .     Faith    .   p - +2 leather armour {MR+}
rPois    .         Spirit   .   (no helmet)
rElec    .         Reflect  .   (no cloak)
rCorr    .         Harm     .   (no gloves)
MR       +....                  v - +1 pair of boots
Stlth    ++++......             (no amulet)
HPRegen  0.22/turn              (no ring)
MPRegen  0.12/turn              (no ring)

@: agile
A: claws 1, thin skeletal structure 1, sense surroundings 1, powered by pain 2,
robust 1, strong 1
a: Depart the Abyss, Bend Space, Banish, Corrupt, Renounce Religion


You were on level 8 of the Dungeon.
You worshipped Lugonu.
Lugonu was greatly pleased with you.
You were not hungry.

You visited 1 branch of the dungeon, and saw 8 of its levels.
You visited the Abyss 1 time.

You collected 375 gold pieces.
You spent 123 gold pieces at shops.

Inventory:

Hand Weapons
 h - a +1 short sword of draining (weapon)
Missiles
 d - a tomahawk of returning (quivered)
 e - 132 stones
 f - 30 poisoned needles
 j - 19 sling bullets
 D - 39 bolts
Armour
 n - a +1 scale mail
 p - a +2 leather armour of magic resistance (worn)
 v - a +1 pair of boots (worn)
Wands
 u - a wand of iceblast (2)
 w - a wand of digging (2)
Scrolls
 a - a scroll of enchant weapon
 b - a scroll of blinking
 l - a scroll of amnesia
 o - 2 scrolls of teleportation
 s - 4 scrolls of identify
 x - 2 scrolls of remove curse
Potions
 i - 3 potions of haste
 k - 2 potions of lignification
 m - a potion of brilliance
 q - a potion of degeneration
 r - a potion of curing
Comestibles
 c - 12 rations
 t - a chunk of flesh


   Skills:
 + Level 6.1 Fighting
 + Level 6.8 Short Blades
   Level 2.4 Polearms
 + Level 5.4 Armour
 + Level 4.2 Dodging
 + Level 3.0 Stealth
 + Level 3.1 Invocations
 + Level 0.4 Evocations


You had 8 spell levels left.
You didn't know any spells.
Your spell library contained the following spells:

 Spells                   Type           Power        Failure   Level  Hunger
 Magic Dart               Conj           #...         36%         1    ##.....
 Iskenderun's Mystic Bla  Conj           #.......     98%         4    #####..
 Fulminant Prism          Conj/Hex       #.........   98%         4    #####..
 Dazzling Spray           Conj/Hex       #.....       73%         3    ####...
 Force Lance              Conj/Tloc      #.......     98%         4    #####..
 Searing Ray              Conj           #.....       50%         2    ###....


Dungeon Overview and Level Annotations

Branches:
Dungeon (8/15)             Temple (0/1) D:4
   Lair: D:8-11

Altars:
Ashenzari
Dithmenos
Makhleb
Nemelex Xobeh
Okawaru
Sif Muna
Trog

Shops:
D:5 ?   D:6 =

Annotations:
D:7 corrupted
D:8 Erica


Innate Abilities, Weirdness & Mutations

You have sharp fingernails.
You have a somewhat thin skeletal structure. (Dex +2, Stealth)
You sometimes gain power by taking damage.
You passively map a small area around you.
You are robust. (+10% HP)
Your muscles are strong. (Str +2)


Message History

The crimson imp blinks!
Found a scroll of immolation.
You start resting.
Erica appears from thin air!
Reactivating autopickup.
Erica completely misses you.
You barely miss Erica.
Erica is severely wounded.
You miss Erica.
Erica is severely wounded.
Erica seems less drained.
Erica hits you with a scimitar of flaming!
* * * LOW HITPOINT WARNING * * *
Erica burns you.
* * * LOW HITPOINT WARNING * * *
You barely miss Erica.
Erica is severely wounded.
Erica hits you with a scimitar of flaming.
* * * LOW HITPOINT WARNING * * *
Erica burns you.
You die...

....).......#
##.......##.# ,
,.....###.##.#
.... ##.#.# *
###. #...# #.#
##.#.# #
#.###.##.# *.#
####.....##.###?#
*
.........##.@@.#
*
###.....######.#
* #.....# .#*
###.### # #.# ,
###.# #####...# *
#.....### #.#####


You could see Erica.

Vanquished Creatures
  Maurice (D:8)
  A hippogriff (D:7)
  Eustachio (D:6)
  Duvessa (D:6)
  A phantom (D:6)
  3 ice beasts
  A centaur (D:6)
  2 ogres
  2 bullfrogs
  Dowan (D:6)
  A crimson imp (D:6)
  A quasit (Abyss:1)
  An orc priest (D:7)
  3 hounds
  Crazy Yiuf (D:7)
  A gnoll shaman (D:6)
  2 orc wizards (D:7)
  3 bullfrog skeletons
  An iguana (D:7)
  7 worker ants
  A hound zombie (D:5)
  A worker ant zombie (D:6)
  10 gnolls
  6 adders
  2 shadow imps (D:5)
  2 adder skeletons
  An adder zombie (D:8)
  3 worms
  2 dart slugs
  8 leopard geckos
  8 orcs
  6 bats
  8 giant cockroaches
  9 goblins
  10 hobgoblins
  11 jackals
  5 quokkas
  A ball python (D:1)
  5 frilled lizards
  6 kobolds
  4 rats
144 creatures vanquished.

Vanquished Creatures (others)
  An orc warrior (D:7)
  A phantom (D:7)
  A bullfrog (D:7)
  An orc wizard (D:7)
  2 orcs (D:7)
  2 starspawn tentacles (D:7)
  4 toadstools (D:1)
12 creatures vanquished.

Grand Total: 156 creatures vanquished

Notes
Turn   | Place    | Note
-------+----------+-------------------------------------------
     0 | Abyss:1  | shea9 the Demonspawn Abyssal Knight began the quest for the Orb.
     0 | Abyss:1  | Reached XP level 1. HP: 18/18 MP: 2/2
    52 | Abyss:1  | Noticed a quasit
    71 | Abyss:1  | Killed a quasit
    71 | Abyss:1  | Reached skill level 1 in Dodging
    71 | Abyss:1  | Gained mutation: You have a somewhat thin skeletal structure. (Dex +2, Stealth) [demonic ancestry]
    71 | Abyss:1  | Reached XP level 2. HP: 7/25 MP: 4/4
    71 | Abyss:1  | Reached XP level 3. HP: 8/30 MP: 5/5
    74 | Abyss:1  | Noticed a starcursed mass
    75 | D:1      | Escaped the Abyss
  1072 | D:2      | Found a shadowy altar of Dithmenos.
  1089 | D:2      | Reached XP level 4. HP: 28/37 MP: 6/6
  1228 | D:2      | Reached ** piety under Lugonu
  2064 | D:3      | Reached skill level 1 in Short Blades
  2067 | D:3      | Gained mutation: You sometimes gain a little power by taking damage. [demonic ancestry]
  2067 | D:3      | Reached XP level 5. HP: 26/42 MP: 7/7
  2632 | D:3      | Noticed an ogre
  2640 | D:3      | Killed an ogre
  2640 | D:3      | Reached skill level 1 in Stealth
  2954 | D:4      | Gained mutation: You have sharp fingernails. [demonic ancestry]
  2954 | D:4      | Reached XP level 6. HP: 41/49 MP: 8/8
  3140 | D:4      | Reached *** piety under Lugonu
  3394 | D:4      | Found a staircase to the Ecumenical Temple.
  3650 | D:4      | Gained mutation: You passively map a small area around you. [potion of mutation]
  3650 | D:4      | Gained mutation: Your muscles are strong. (Str +2) [potion of mutation]
  3650 | D:4      | Gained mutation: You are robust. (+10% HP) [potion of mutation]
  3684 | D:5      | Entered Level 5 of the Dungeon
  3908 | D:5      | Found a burning altar of Makhleb.
  4247 | D:5      | Found Faongim's Magic Scroll Shop.
  4260 | D:5      | Bought a scroll of enchant armour for 97 gold pieces
  4260 | D:5      | Bought a scroll of identify for 26 gold pieces
  4619 | D:5      | Found a bloodstained altar of Trog.
  4670 | D:6      | Found Xaog's Jewellery Boutique.
  4670 | D:6      | Noticed Eustachio
  4670 | D:6      | Noticed an ice beast
  4726 | D:6      | Found a shattered altar of Ashenzari.
  4728 | D:6      | Found an iron altar of Okawaru.
  4732 | D:6      | Noticed Duvessa
  4732 | D:6      | Noticed Dowan
  4757 | D:6      | Killed Duvessa
  4757 | D:6      | Gained mutation: You sometimes gain power by taking damage. [demonic ancestry]
  4757 | D:6      | Reached XP level 7. HP: 49/60 MP: 9/9
  4768 | D:6      | Killed Dowan
  4980 | D:6      | Reached skill level 5 in Fighting
  5098 | D:6      | Found a sparkling altar of Nemelex Xobeh.
  5098 | D:6      | Found a deep blue altar of Sif Muna.
  5258 | D:6      | Reached XP level 8. HP: 46/68 MP: 10/10
  5467 | D:6      | Reached skill level 5 in Short Blades
  5604 | D:6      | Killed Eustachio
  5604 | D:6      | Reached skill level 5 in Armour
  5667 | D:6      | Reached **** piety under Lugonu
  6939 | D:7      | Noticed a hippogriff
  6973 | D:7      | Killed a hippogriff
  6973 | D:7      | Reached XP level 9. HP: 62/75 MP: 11/11
  7013 | D:7      | Corrupted D:7
  7013 | D:7      | Noticed a wind drake
  7013 | D:7      | a shapeshifter changed into a wind drake
  7013 | D:7      | Noticed a starcursed mass
  7013 | D:7      | Noticed a worldbinder
  7013 | D:7      | Noticed a green death
  7013 | D:7      | Noticed a starcursed mass
  7013 | D:7      | Noticed a tentacled starspawn
  7014 | D:7      | Noticed a sixfirhy
  7362 | D:7      | Found an iron altar of Okawaru.
  7448 | D:7      | Found a runed door.
  7682 | D:7      | Noticed Crazy Yiuf
  7686 | D:7      | Killed Crazy Yiuf
  7748 | D:8      | Noticed Maurice
  7823 | D:8      | Killed Maurice
  7956 | D:8      | Noticed Erica
  8005 | D:8      | HP: 1/75 [Erica/scimitar of flaming (6)]
  8005 | D:8      | Slain by Erica

Vault maps used:
D:1:      ldierk_walled_garden_2, minmay_vboxes
D:2:      first_ration, nicolae_dithmenos_shadow_blocks
D:4:      temple_green
D:5:      lemuel_round_altar, serial_shops, nicolae_shop_stone, trog_book
D:6:      kb_forest_paths, nicolae_overflow_hidden_temple, serial_shops,
          shop_fountains, uniq_eustachio, uniq_duvessa
D:7:      st_stairs_12, palyth_stone_intersect, okawaru_metal_pillars_3,
          uniq_crazy_yiuf_cottage
D:8:      serial_shops, nicolae_shop_overgrown_old_shop, uniq_erica,
          uniq_psyche, uniq_maurice, uniq_prince_ribbit1

Skill      XL: |  1  2  3  4  5  6  7  8  9 |
---------------+----------------------------+-----
Polearms       | 2 |  2.4
Armour         | 2 3 4 5 |  5.4
Dodging        | 1 2 3 4 |  4.2
Fighting       | 4 5 6 |  6.1
Short Blades   | 1 2 3 4 6 |  6.8
Stealth        | 1 3 |  3.0
Invocations    | 3 |  3.1
Evocations     | |  0.4

Action                   |  1- 3 |  4- 6 |  7- 9 || total
-------------------------+-------+-------+-------++-------
Melee: Spear             |    71 |       |       ||    71
       Short sword       |    44 |   274 |   412 ||   730
Throw: Stone             |     3 |    29 |    23 ||    55
       Tomahawk          |       |       |    11 ||    11
Invok: Bend Space        |       |       |     1 ||     1
       Corrupt           |       |       |     1 ||     1
Evoke: Wand              |       |     2 |     3 ||     5
  Use: Scroll            |     1 |     9 |     9 ||    19
       Potion            |       |    11 |     3 ||    14
 Stab: Sleeping          |     1 |       |     4 ||     5
  Eat: Chunk             |     1 |     7 |     4 ||    12
       Ration            |       |     2 |     2 ||     4
Armor: Leather armour    |    61 |       |    49 ||   110
       Scale mail        |       |   103 |    74 ||   177
Dodge: Dodged            |    92 |   139 |   200 ||   431

Table legend:
 A = Spawn XP
 B = Non-spawn XP
 C = Spawn XP percentage of total XP
 D = Spawn monster count
 E = Non-spawn monster count
 F = Spawn count percentage of total count
 G = Total turns spent on level
                    A         B        C        D         E        F      G
               +---------+---------+-------+---------+---------+-------+---------
         Total |       0 |    3581 |   0.0 |       0 |     145 |   0.0 |  8005
               +---------+---------+-------+---------+---------+-------+---------
           D:1 |       0 |      42 |   0.0 |       0 |      23 |   0.0 |   987
           D:2 |       0 |      38 |   0.0 |       0 |      19 |   0.0 |   826
           D:3 |       0 |     247 |   0.0 |       0 |      31 |   0.0 |  1025
           D:4 |       0 |     198 |   0.0 |       0 |      14 |   0.0 |   771
           D:5 |       0 |     142 |   0.0 |       0 |       8 |   0.0 |  1026
           D:6 |       0 |    1484 |   0.0 |       0 |      28 |   0.0 |  1495
           D:7 |       0 |     815 |   0.0 |       0 |      18 |   0.0 |  1536
           D:8 |       0 |     570 |   0.0 |       0 |       3 |   0.0 |   264
       Abyss:1 |       0 |      45 |   0.0 |       0 |       1 |   0.0 |    75
               +---------+---------+-------+---------+---------+-------+---------
